Map: Ruins of Endion

Players

blackxored - Winner!

  • Race: Zerg Zerg
  • League: Diamond

wiesel

  • Race: Zerg Zerg
  • League: Platinum

VOD

Have the link to the VOD?

Description

Time

  • Played on: June 30, 2016, 8:40 a.m.
  • Length: 8:43
Show
View Real Time Build Order
Export as new Build Order

blackxored Zerg - Winner!

Build Orders: Hatch First 

Get SALT Encoding   

  12  0:01  Drone  
  13  0:08  Drone  
  14  0:18  Overlord  
  14  0:23  Extractor  
  14  0:24  Drone  
  15  0:37  Drone x2  
  17  0:54  Hatchery  
  17  0:57  Drone  
  17  1:00  Drone  
  18  1:11  Extractor  
  18  1:15  Spawning Pool  
  18  1:17  Drone  
  17  1:20  Drone  
  18  1:28  Drone  
  19  1:39  Overlord  
  19  1:49  Drone  
  20  2:03  Spine Crawler  
  20  2:04  Drone  
  20  2:05  Baneling Nest  
  20  2:06  Queen, Drone  
  22  2:12  Queen  
  24  2:16  Zergling x2  
  24  2:20  Zergling x2  
  26  2:33  Metabolic Boost  
  26  2:40  Zergling x8  
  30  2:49  Overlord  
  30  2:51  Drone  
  30  2:54  Drone  
  32  3:17  Zergling x12  
  32  3:19  Baneling x5  
  37  3:33  Overlord  
  37  3:44  Queen  
  37  4:08  Drone x9  
  37  4:09  Drone x2  
  45  4:12  Lair  
  45  4:17  Overlord  
  45  4:27  Drone x2  
  45  4:30  Extractor  
  46  4:32  Extractor  
  46  4:35  Drone  
  47  4:38  Drone x3  
  47  4:39  Drone  
  47  4:41  Extractor  
  50  4:45  Drone  
  50  4:48  Drone  
  50  4:52  Drone  
  52  4:58  Drone  
  52  4:59  Drone x2  
  55  5:01  Drone  
  56  5:09  Drone x3  
  56  5:14  Overlord  
  59  5:15  Hatchery  
  58  5:23  Spire  
  58  5:25  Drone  
  58  5:28  Overseer  
  58  5:39  Overlord  
  58  5:45  Overlord, Extractor  
  58  5:46  Overlord, Zergling x2  
  58  5:47  Extractor, Zergling x10  
  62  5:58  Drone  
  62  5:59  Drone  
  62  6:03  Drone  
  65  6:04  Drone x2  
  65  6:06  Drone  
  65  6:07  Drone  
  69  6:28  Drone x2  
  69  6:29  Drone x2, Spine Crawler  
  69  6:32  Spine Crawler  
  71  6:33  Spine Crawler  
  71  6:34  Queen  
  72  6:43  Mutalisk x5  
  72  6:44  Mutalisk x2  
  86  7:04  Mutalisk  
  86  7:05  Mutalisk x5  
  98  7:18  Overlord x3  
  98  7:19  Overlord  
  98  7:24  Evolution Chamber  
  98  7:26  Evolution Chamber  
  98  7:29  Infestation Pit  
  92  7:46  Zergling x22  
  92  7:49  Zergling x2  
  93  8:05  Infestation Pit, Drone x5  
  87  8:35  Infestation Pit  
Show
View Real Time Build Order
Export as new Build Order

wiesel Zerg 

Build Orders: Pool First 

Get SALT Encoding   

  12  0:02  Drone  
  13  0:08  Drone  
  14  0:17  Overlord  
  14  0:36  Drone x3  
  14  0:40  Extractor  
  16  0:47  Spawning Pool  
  15  0:50  Drone  
  16  0:58  Drone  
  17  1:19  Hatchery  
  16  1:26  Drone x2  
  18  1:37  Queen  
  20  1:45  Baneling Nest  
  19  1:53  Drone x2  
  21  2:01  Metabolic Boost  
  21  2:18  Overlord  
  21  2:28  Queen, Evolution Chamber  
  21  2:29  Extractor  
  21  2:32  Zergling x4  
  21  2:36  Zergling x2  
  24  2:40  Drone  
  25  2:56  Drone x3  
  25  2:57  Drone  
  29  2:59  Baneling  
  29  3:01  Baneling  
  29  3:05  Drone  
  30  3:19  Drone x3  
  32  3:26  Spine Crawler  
  31  3:30  Zergling x2  
  32  3:45  Zergling x6  
  32  3:46  Overlord  
  35  3:52  Overlord  
  33  4:07  Zergling x8  
  37  4:10  Zerg Ground Armor Level 1  
  37  4:17  Zergling x6  
  37  4:18  Baneling  
  37  4:20  Baneling  
  37  4:22  Drone  
  41  4:25  Drone  
  41  4:27  Baneling  
  42  4:36  Roach Warren  
  42  4:38  Baneling x2  
  41  4:48  Drone x3  
  44  4:55  Lair  
  44  4:57  Drone  
  45  5:00  Drone  
  45  5:04  Drone  
  47  5:23  Drone x5  
  52  5:29  Overlord x3  
  52  5:46  Hatchery  
  51  5:56  Nydus Network  
  50  6:02  Roach  
  50  6:03  Roach x5  
  62  6:14  Glial Reconstitution  
  63  6:31  Nydus Network  
  62  6:36  Roach  
  62  6:37  Roach x6  
  62  6:39  Zerg Missile Weapons Level 1  
  76  6:48  Overlord  
  76  7:10  Roach  
  76  7:11  Roach x6  
  90  7:18  Nydus Canal  
  90  7:24  Overlord  
  90  7:25  Overlord x2  
  90  7:38  Spore Crawler  
  90  7:40  Spore Crawler  
  90  7:42  Queen x2  
  77  8:10  Drone  
  77  8:11  Drone x2  
  61  8:16  Spire  
  55  8:21  Spore Crawler  
  55  8:22  Extractor x2  
  55  8:23  Spore Crawler  
  55  8:25  Drone x2, Spore Crawler  
  55  8:26  Drone x3  
  56  8:33  Spine Crawler  
  55  8:35  Spine Crawler  
Tags
 
Add a new tag
Caveats
  • Supply blocks, unpowered buildings, or Contaminate may cause inaccurate times.
  • Supply counts are checked every 10 seconds.